 Dungeon Crawl Stone Soup version 0.29.0-4-gdea44cf6ec (webtiles) character file.

Game seed: 7609330556243172085

30574 qw the Cleaver (level 13, -1/84 HPs)
             Began as a Gargoyle Berserker on Sept 8, 2022.
             Was an Elder of Trog.
             Slain by a yak (10 damage)
             ... on level 5 of the Lair of Beasts.
             The game lasted 00:07:07 (19616 turns).

qw the Cleaver (Gargoyle Berserker)                Turns: 19616, Time: 00:07:08

Health: -1/84      AC: 28    Str: 24    XL:     13   Next: 52%
Magic:  0/13       EV: 10    Int: 10    God:    Trog [****..]
Gold:   950        SH: 11    Dex:  9    Spells: 12/12 levels left

rFire   . . .      SeeInvis +   Y - +3 war axe
rCold   . . .      Faith    .   l - +0 kite shield
rNeg    + . .      Spirit   +   g - +0 plate armour
rPois   inf        Reflect  .   (helmet restricted)
rElec   +          Harm     .   e - +0 cloak
rCorr   .          Rampage  .   (no gloves)
Will    .....                   c - +0 pair of boots
Stlth   ..........              b - amulet of guardian spirit
HPRegen 0.24/turn               m - ring of see invisible
MPRegen 0.13/turn               k - +4 ring of evasion

@: on berserk cooldown, slowed, very slow
A: sickness immunity, AC +9, negative energy resistance 1, electricity
resistance, torment resistance 1, petrification resistance, horns 1, iridescent
scales 1, sense surroundings 1, screaming 1
a: Renounce Religion, Berserk, Trog's Hand, Brothers in Arms


You were on level 5 of the Lair of Beasts.
You worshipped Trog.
Trog was greatly pleased with you.
You visited 2 branches of the dungeon, and saw 16 of its levels.

You collected 950 gold pieces.


Innate Abilities, Weirdness & Mutations

You are immune to sickness and miasma.
Your stone body is resilient. (AC +9)
You are immune to poison.
You resist negative energy. (rN+)
You are resistant to electric shocks. (rElec)
You are resistant to unholy torment.
You are immune to petrification.
You have a pair of small horns on your head.
You are partially covered in iridescent scales. (AC +2)
You passively map a small area around you.
You occasionally shout uncontrollably at your foes.


   Skills:
 - Level 11.0 Fighting
 - Level 14.0 Axes
 - Level 5.0 Throwing
 + Level 9.4 Armour
 - Level 2.1 Dodging
 - Level 11.2 Shields


You had 12 spell levels left.
You didn't know any spells.
Your spell library was empty.

Inventory:

Hand Weapons
 r - a +0 morningstar
 Y - a +3 war axe (weapon)
Missiles
 j - 6 javelins (quivered)
 p - 3 boomerangs
Armour
 c - a +0 pair of boots (worn)
 e - a +0 cloak (worn)
 g - a +0 plate armour (worn)
 l - a +0 kite shield (worn)
Jewellery
 a - a +4 ring of protection
 b - an amulet of guardian spirit (around neck)
 k - a +4 ring of evasion (right hand)
 m - a ring of see invisible (left hand)
 u - an amulet of the acrobat
Scrolls
 d - 8 scrolls of identify
 s - 2 scrolls of teleportation
Potions
 f - a potion of cancellation
 h - 2 potions of curing
 i - 2 potions of might
 n - 3 potions of mutation
 o - 5 potions of heal wounds
 q - 6 potions of haste
 t - 2 potions of resistance

Dungeon Overview and Level Annotations

Branches:
Dungeon (11/15)            Temple (0/1) D:7            Lair (5/5) D:11
 Shoals (0/4) Lair:3        Snake (0/4) Lair:2          Orc (0/2) D:9
  Slime: Lair:4-5

Altars:
Elyvilon
Fedhas
Kikubaaqudgha
Makhleb
Nemelex Xobeh
Trog
Yredelemnul
Jiyva

Annotations:
D:4 2 transporters, qw's ghost, amateur GrFi
D:5 2 transporters, qw's ghost, novice GrBe
D:10 3 runed translucent doors, Meoha's ghost, novice TrCA
Lair:2 1 runed translucent door, qw's ghost, journeyman TrCA


Message History

You hit the komodo dragon but do no damage.
You hit the black mamba. You block the black mamba's attack.
The komodo dragon bites you! You block the black mamba's attack.
You hit the black mamba but do no damage.
The black mamba is heavily wounded.
You hit the komodo dragon but do no damage.
You hit the hell rat but do no damage.
The black mamba bites you but does no damage.
The hell rat bites you but does no damage.
You block the black mamba's attack. The komodo dragon barely misses you.
The blink frog blinks!
You block the hell rat's attack. The komodo dragon bites you.
The black mamba closely misses you.
You slash the black mamba! Your headbutt misses the black mamba.
The black mamba is almost dead.
You slash the komodo dragon! You slash the hell rat! The black mamba bites you.
You block the black mamba's attack.
The komodo dragon bites you but does no damage.
A yak comes into view.
The hell rat closely misses you.
You slash the black mamba!
You kill the black mamba!
Trog accepts your kill.
You barely miss the komodo dragon. You slash the hell rat!
You barely miss the hell rat. The komodo dragon bites you.
The hell rat bites you but does no damage.
You block the hell rat's attack. The komodo dragon closely misses you.
You hit the hell rat.
The hell rat is severely wounded.
You closely miss the blink frog. You barely miss the yak. You hit the hell rat.
You hit the komodo dragon but do no damage.
The blink frog hits you! The hell rat closely misses you.
The hell rat bites you but does no damage.
You block the yak's attack.
A yak comes into view.
The blink frog hits you but does no damage.
The hell rat bites you! You block the hell rat's attack.
The komodo dragon bites you! The yak gores you!
You die...

###.####..#........l.. ,
#.#.#.##P.....Y....... *
#......................
##P.......#....Y.......
#P.P....###.....#.....,
##......###.....##....
#.......#...<%....... ,
###...#.#.....Yrl......
*
#.....#........@r......
,
#.#P.P?.........F.#....,
#.#..............##*##.
, ####..#..#.#P....#
##..#######...## , #...#
#...#* #P### * ...#., *
### *....,. , , , ** , ,
*


You could see a komodo dragon, 3 yaks, a blink frog and 2 hell rats.

Vanquished Creatures
  3 boulder beetles
  2 catoblepae
  A two-headed ogre (D:8)
  A lindwurm (Lair:4)
  Pikel (D:3)
  5 elephants (Lair:1)
  6 black mambas
  5 cane toads
  Maggie (D:7)
  An efreet (D:10)
  A kobold demonologist (D:11)
  3 komodo dragons
  2 trolls
  4 polar bears (Lair:5)
  2 hornets
  Prince Ribbit (D:5)
  Grinder (D:4)
  2 wraiths (D:10)
  4 wyverns
  2 steam dragons
  38 yaks
  4 basilisks
  3 fire bats (Lair:1)
  A warg (D:9)
  21 water moccasins
  Duvessa (D:4)
  3 ice beasts
  6 orc warriors
  3 black bears
  5 centaurs
  2 ogres (D:6)
  5 wolves (Lair:1)
  4 lemures (D:3)
  A phantom (D:5)
  Blork the orc (D:4)
  9 bullfrogs
  3 gnoll sergeants
  7 scorpions
  14 wights
  Dowan (D:4)
  21 killer bees
  4 howler monkeys
  2 hounds (D:5)
  3 jellies
  A gnoll bouda (D:6)
  14 orc priests
  5 iguanas
  8 orc wizards
  2 hell rats (Lair:5)
  17 adders
  24 gnolls
  A shadow imp (D:5)
  An ufetubus (D:6)
  6 worms
  3 dart slugs
  37 orcs
  7 bats
  13 endoplasms
  4 giant cockroaches
  8 hobgoblins
  3 jackals (D:1)
  2 quokkas
  16 ball pythons
  4 frilled lizards
  4 goblins
  11 kobolds
  A rat (D:1)
402 creatures vanquished.

Vanquished Creatures (collateral kills)
  A hydra (Lair:3)
  Urug (Lair:4)
2 creatures vanquished.

Vanquished Creatures (others)
  4 bushes (D:11)
  19 fungi
  41 plants
  2 withered plants (D:4)
66 creatures vanquished.

Grand Total: 470 creatures vanquished

Notes
Turn   | Place    | Note
-------+----------+-------------------------------------------
     0 | D:1      | qw the Gargoyle Berserker began the quest for the Orb.
     0 | D:1      | Reached XP level 1. HP: 14/14 MP: 1/1
     0 | D:1      | 0 ||| qw: Version: 0.1-a-111-g1c1fd2e
     0 | D:1      | 0 ||| qw: Game counter: 6577
     0 | D:1      | 0 ||| qw: Always use a shield: true
     0 | D:1      | 0 ||| qw: Do Orc after D:15 true
     0 | D:1      | 0 ||| qw: Do second Lair branch before Depths: true
     0 | D:1      | 0 ||| qw: Lair rune preference: random
     0 | D:1      | 0 ||| qw: Plans: Normal
     0 | D:1      | 0 ||| PLANNING D:1-11
    72 | D:1      | Reached skill level 3 in Axes
   158 | D:1      | Reached XP level 2. HP: 19/19 MP: 2/2
   177 | D:1      | 177 ||| Stepping ~*~*~tactically~*~*~ (stealth).
   474 | D:1      | 474 ||| Stepping ~*~*~tactically~*~*~ (stealth).
   475 | D:1      | 475 ||| Stepping ~*~*~tactically~*~*~ (stealth).
   513 | D:1      | 513 ||| Stepping ~*~*~tactically~*~*~ (stealth).
   519 | D:1      | 519 ||| Stepping ~*~*~tactically~*~*~ (stealth).
   520 | D:1      | 520 ||| Stepping ~*~*~tactically~*~*~ (stealth).
   796 | D:1      | Reached XP level 3. HP: 23/23 MP: 3/3
  1009 | D:1      | 1009 ||| UPGRADING to +0 ring mail.
  1019 | D:1      | 1019 ||| DROPPING +0 animal skin.
  1020 | D:1      | 1020 ||| UPGRADING to +0 scale mail.
  1030 | D:1      | 1030 ||| DROPPING +0 ring mail.
  1031 | D:1      | 1031 ||| UPGRADING to +0 helmet.
  1036 | D:1      | 1036 ||| DROPPING +6 ring of intelligence.
  1037 | D:1      | 1037 ||| UPGRADING to ring of see invisible.
  1038 | D:1      | 1038 ||| READING scroll labelled HYATOKHL BOARCH.
  1039 | D:1      | 1039 ||| READING scroll labelled WUMMAEHIAW.
  1040 | D:1      | 1040 ||| READING 2 scrolls labelled NIR ZAMIHEN.
  1041 | D:1      | 1041 ||| READING scroll labelled MECVUR OHUN.
  1081 | D:1      | 1081 ||| DROPPING scroll of summoning.
  1115 | D:2      | 1115 ||| INVOKING Berserk.
  1120 | D:2      | 1120 ||| STAIRDANCE
  1267 | D:2      | Reached skill level 4 in Axes
  1473 | D:2      | 1473 ||| INVOKING Berserk.
  1637 | D:2      | 1637 ||| DROPPING +0 club.
  1663 | D:2      | Reached XP level 4. HP: 28/28 MP: 4/4
  2014 | D:2      | 2014 ||| Stepping ~*~*~tactically~*~*~ (stealth).
  2024 | D:2      | 2024 ||| Stepping ~*~*~tactically~*~*~ (stealth).
  2047 | D:2      | 2047 ||| FLEEEEING.
  2094 | D:2      | 2094 ||| Stepping ~*~*~tactically~*~*~ (stealth).
  2099 | D:2      | 2099 ||| INVOKING Berserk.
  2114 | D:2      | Reached skill level 5 in Axes
  2217 | D:2      | 2217 ||| DROPPING +0 whip.
  2248 | D:2      | Found a faded altar of an unknown god.
  2264 | D:2      | Reached XP level 5. HP: 32/32 MP: 5/5
  2813 | D:2      | 2813 ||| UPGRADING to +0 pair of boots.
  2818 | D:2      | 2818 ||| UPGRADING to +0 cloak.
  2823 | D:2      | 2823 ||| UPGRADING to +0 chain mail.
  2833 | D:2      | 2833 ||| DROPPING +0 scale mail.
  2834 | D:2      | 2834 ||| UPGRADING to +0 kite shield.
  2839 | D:2      | 2839 ||| UPGRADING to amulet of guardian spirit.
  2844 | D:2      | 2844 ||| READING scroll labelled OLLYLEO REWOZ.
  2845 | D:2      | 2845 ||| READING scroll labelled YKHLIC YSHO.
  2846 | D:2      | 2846 ||| DRINKING 2 dark potions.
  2847 | D:2      | 2847 ||| DROPPING potion of attraction.
  2923 | D:3      | 2923 ||| Stepping ~*~*~tactically~*~*~ (stealth).
  2924 | D:3      | 2924 ||| Stepping ~*~*~tactically~*~*~ (stealth).
  2935 | D:3      | Reached ** piety under Trog
  3060 | D:3      | Reached skill level 1 in Shields
  3139 | D:3      | 3139 ||| Stepping ~*~*~tactically~*~*~ (stealth).
  3146 | D:3      | 3146 ||| Stepping ~*~*~tactically~*~*~ (stealth).
  3308 | D:3      | 3308 ||| READING scroll of enchant weapon.
  3308 | D:3      | 3308 ||| ENCHANTING +1 hand axe.
  3583 | D:3      | 3583 ||| UPGRADING to +4 ring of evasion.
  3584 | D:3      | 3584 ||| READING scroll labelled SEINAUFROM.
  3601 | D:4      | Noticed a lemure
  3601 | D:4      | Noticed a lemure
  3601 | D:4      | Noticed a lemure
  3601 | D:4      | Noticed a lemure
  3602 | D:4      | Noticed Pikel
  3606 | D:4      | 3606 ||| STAIRDANCE
  3626 | D:3      | 3626 ||| INVOKING Berserk.
  3628 | D:3      | Killed a lemure
  3768 | D:4      | 3768 ||| STAIRDANCE
  3776 | D:3      | Killed a lemure
  3781 | D:3      | 3781 ||| INVOKING Berserk.
  3784 | D:3      | Killed a lemure
  3786 | D:3      | Killed a lemure
  3932 | D:4      | 3932 ||| STAIRDANCE
  3934 | D:3      | 3934 ||| INVOKING Berserk.
  3941 | D:3      | Reached skill level 3 in Shields
  3941 | D:3      | Reached XP level 6. HP: 38/38 MP: 3/6
  3943 | D:3      | Killed Pikel
  3944 | D:3      | Reached skill level 6 in Shields
  3944 | D:3      | Reached XP level 7. HP: 42/42 MP: 4/7
  4023 | D:4      | Noticed a hornet
  4037 | D:4      | 4037 ||| INVOKING Berserk.
  4042 | D:4      | Killed a hornet
  4043 | D:4      | Reached XP level 8. HP: 25/48 MP: 2/8
  4087 | D:4      | 4087 ||| FLEEEEING.
  4088 | D:4      | 4088 ||| STAIRDANCE
  4253 | D:4      | 4253 ||| Stepping ~*~*~tactically~*~*~ (stealth).
  4290 | D:4      | 4290 ||| Stepping ~*~*~tactically~*~*~ (cloud).
  4291 | D:4      | 4291 ||| Stepping ~*~*~tactically~*~*~ (cloud).
  4293 | D:4      | Noticed Dowan
  4294 | D:4      | 4294 ||| Stepping ~*~*~tactically~*~*~ (stealth).
  4298 | D:4      | 4298 ||| INVOKING Berserk.
  4383 | D:4      | Noticed Duvessa
  4388 | D:4      | 4388 ||| INVOKING Berserk.
  4402 | D:4      | Killed Duvessa
  4406 | D:4      | Killed Dowan
  4543 | D:4      | 4543 ||| Stepping ~*~*~tactically~*~*~ (stealth).
  4547 | D:4      | 4547 ||| Stepping ~*~*~tactically~*~*~ (stealth).
  4548 | D:4      | Found a basalt altar of Yredelemnul.
  4549 | D:4      | 4549 ||| Stepping ~*~*~tactically~*~*~ (hiding).
  4562 | D:4      | 4562 ||| INVOKING Berserk.
  4568 | D:4      | Reached skill level 6 in Axes
  4739 | D:4      | 4739 ||| DROPPING +0 flail.
  4930 | D:4      | Noticed Blork the orc
  4934 | D:4      | 4934 ||| INVOKING Berserk.
  4937 | D:4      | Killed Blork the orc
  5112 | D:4      | Found a white marble altar of Elyvilon.
  5143 | D:4      | Found an ancient bone altar of Kikubaaqudgha.
  5255 | D:4      | Found a transporter.
  5285 | D:4      | Noticed qw's ghost (amateur GrFi)
  5286 | D:4      | Noticed Grinder
  5287 | D:4      | 5287 ||| INVOKING Trog's Hand.
  5290 | D:4      | 5290 ||| INVOKING Berserk.
  5298 | D:4      | Killed Grinder
  5299 | D:4      | Reached skill level 7 in Axes
  5393 | D:4      | Identified the +0 ring mail of the Pink Corner {rC- Int+4
                  | SInv}
  5419 | D:4      | Found a transporter.
  5490 | D:4      | 5490 ||| READING scroll labelled OGAOVI HUNUDGHU.
  5491 | D:4      | 5491 ||| DRINKING 3 amethyst potions.
  5492 | D:4      | 5492 ||| READING 2 scrolls of identify.
  5492 | D:4      | 5492 ||| IDENTIFYING sedimented yellow potion
  5493 | D:4      | 5493 ||| DROPPING potion of degeneration.
  5507 | D:5      | Entered Level 5 of the Dungeon
  5576 | D:5      | Found a transporter.
  5581 | D:5      | Found a transporter.
  5582 | D:5      | Noticed qw's ghost (novice GrBe)
  5651 | D:5      | Reached XP level 9. HP: 54/54 MP: 9/9
  5709 | D:5      | 5709 ||| Stepping ~*~*~tactically~*~*~ (stealth).
  5711 | D:5      | 5711 ||| Stepping ~*~*~tactically~*~*~ (hiding).
  5863 | D:5      | Noticed Prince Ribbit
  5870 | D:5      | 5870 ||| INVOKING Berserk.
  5878 | D:5      | Killed Prince Ribbit
  5879 | D:5      | Reached skill level 8 in Axes
  6267 | D:5      | Found a bloodstained altar of Trog.
  6480 | D:5      | 6480 ||| READING scroll labelled AMOIRR RIVVIQ.
  6481 | D:5      | 6481 ||| DRINKING 2 murky inky potions.
  6482 | D:5      | 6482 ||| DRINKING 3 lumpy brown potions.
  6483 | D:5      | 6483 ||| READING 2 scrolls of identify.
  6483 | D:5      | 6483 ||| IDENTIFYING smoky golden potion
  6484 | D:5      | 6484 ||| DROPPING potion of berserk rage.
  6485 | D:5      | 6485 ||| DROPPING potion of ambrosia.
  6547 | D:4      | Found a blossoming altar of Fedhas.
  6624 | D:6      | 6624 ||| Stepping ~*~*~tactically~*~*~ (stealth).
  6625 | D:6      | 6625 ||| INVOKING Berserk.
  6629 | D:6      | Reached skill level 6 in Fighting
  6773 | D:6      | 6773 ||| Stepping ~*~*~tactically~*~*~ (hiding).
  6776 | D:6      | 6776 ||| Stepping ~*~*~tactically~*~*~ (hiding).
  6778 | D:6      | 6778 ||| Stepping ~*~*~tactically~*~*~ (hiding).
  6792 | D:6      | 6792 ||| INVOKING Berserk.
  6816 | D:6      | 6816 ||| Stepping ~*~*~tactically~*~*~ (stealth).
  6819 | D:6      | 6819 ||| Stepping ~*~*~tactically~*~*~ (stealth).
  6822 | D:6      | 6822 ||| Stepping ~*~*~tactically~*~*~ (stealth).
  6844 | D:6      | 6844 ||| FLEEEEING.
  6892 | D:6      | 6892 ||| Stepping ~*~*~tactically~*~*~ (stealth).
  6893 | D:6      | 6893 ||| Stepping ~*~*~tactically~*~*~ (stealth).
  6897 | D:6      | 6897 ||| Stepping ~*~*~tactically~*~*~ (stealth).
  6898 | D:6      | 6898 ||| Stepping ~*~*~tactically~*~*~ (stealth).
  6899 | D:6      | 6899 ||| INVOKING Berserk.
  7209 | D:6      | 7209 ||| Stepping ~*~*~tactically~*~*~ (stealth).
  7272 | D:6      | Reached skill level 9 in Axes
  7295 | D:6      | 7295 ||| Stepping ~*~*~tactically~*~*~ (stealth).
  7390 | D:6      | 7390 ||| Stepping ~*~*~tactically~*~*~ (stealth).
  7393 | D:6      | 7393 ||| Stepping ~*~*~tactically~*~*~ (stealth).
  7402 | D:6      | 7402 ||| INVOKING Berserk.
  7607 | D:6      | 7607 ||| INVOKING Berserk.
  7776 | D:6      | 7776 ||| DROPPING ring of flight.
  7777 | D:6      | 7777 ||| READING scroll labelled FUTHOI VOJEHA.
  7778 | D:6      | 7778 ||| READING scroll labelled DIQIQO JOIR.
  7779 | D:6      | 7779 ||| DRINKING 2 sedimented green potions.
  7779 | D:6      | Gained mutation: You occasionally shout uncontrollably at
                  | your foes. [potion of mutation]
  7779 | D:6      | Gained mutation: You passively map a small area around you.
                  | [potion of mutation]
  7779 | D:6      | Gained mutation: You are partially covered in iridescent
                  | scales. (AC +2) [potion of mutation]
  7779 | D:6      | Gained mutation: You have a pair of small horns on your
                  | head. [potion of mutation]
  7780 | D:6      | 7780 ||| DROPPING +0 helmet.
  7781 | D:6      | 7781 ||| DRINKING 2 pink potions.
  7782 | D:6      | 7782 ||| READING 5 scrolls of identify.
  7782 | D:6      | 7782 ||| IDENTIFYING red potion
  7783 | D:6      | 7783 ||| READING 4 scrolls of identify.
  7783 | D:6      | 7783 ||| IDENTIFYING sedimented emerald potion
  7784 | D:6      | 7784 ||| DROPPING potion of brilliance.
  7829 | D:7      | Noticed Maggie
  7854 | D:7      | Killed Maggie
  7855 | D:7      | Reached XP level 10. HP: 22/63 MP: 3/10
  8079 | D:7      | Found a burning altar of Makhleb.
  8091 | D:7      | 8091 ||| Stepping ~*~*~tactically~*~*~ (stealth).
  8148 | D:7      | Found a staircase to the Ecumenical Temple.
  8152 | D:7      | 8152 ||| Stepping ~*~*~tactically~*~*~ (stealth).
  8175 | D:7      | 8175 ||| DRINKING potion of curing.
  8175 | D:7      | 8175 ||| (to cure confusion)
  8187 | D:7      | Reached *** piety under Trog
  8346 | D:7      | 8346 ||| Stepping ~*~*~tactically~*~*~ (stealth).
  8350 | D:7      | 8350 ||| Stepping ~*~*~tactically~*~*~ (stealth).
  8351 | D:7      | 8351 ||| Stepping ~*~*~tactically~*~*~ (stealth).
  8353 | D:7      | 8353 ||| INVOKING Berserk.
  8363 | D:7      | Reached skill level 9 in Shields
  8473 | D:7      | 8473 ||| Stepping ~*~*~tactically~*~*~ (stealth).
  8822 | D:7      | 8822 ||| UPGRADING to +0 plate armour.
  8832 | D:7      | 8832 ||| DROPPING +0 chain mail.
  8833 | D:7      | 8833 ||| READING 4 scrolls of identify.
  8833 | D:7      | 8833 ||| IDENTIFYING smoky inky potion
  9165 | D:8      | Reached skill level 6 in Armour
  9302 | D:8      | Noticed a two-headed ogre
  9306 | D:8      | 9306 ||| INVOKING Berserk.
  9310 | D:8      | Killed a two-headed ogre
  9311 | D:8      | Reached skill level 10 in Axes
  9441 | D:8      | 9441 ||| Stepping ~*~*~tactically~*~*~ (stealth).
  9443 | D:8      | 9443 ||| Stepping ~*~*~tactically~*~*~ (stealth).
  9455 | D:8      | 9455 ||| INVOKING Berserk.
  9771 | D:8      | 9771 ||| Stepping ~*~*~tactically~*~*~ (hiding).
  9877 | D:8      | 9877 ||| INVOKING Berserk.
  9884 | D:8      | HP: 24/96 [orc warrior/+0 glaive (13)]
  9890 | D:8      | HP: 15/96 [orc warrior/+0 glaive (7)]
 10153 | D:8      | 10153 ||| SWAPPING to +2 hand axe of venom.
 10154 | D:8      | 10154 ||| DROPPING +2 hand axe.
 10230 | D:8      | 10230 ||| Stepping ~*~*~tactically~*~*~ (stealth).
 10246 | D:8      | Reached XP level 11. HP: 68/68 MP: 11/11
 10259 | D:8      | 10259 ||| INVOKING Berserk.
 10276 | D:8      | 10276 ||| Stepping ~*~*~tactically~*~*~ (stealth).
 10278 | D:8      | 10278 ||| Stepping ~*~*~tactically~*~*~ (stealth).
 10661 | D:8      | 10661 ||| READING 5 scrolls of identify.
 10661 | D:8      | 10661 ||| IDENTIFYING orange potion
 10662 | D:8      | 10662 ||| DROPPING potion of lignification.
 10700 | D:9      | 10700 ||| Stepping ~*~*~tactically~*~*~ (hiding).
 10739 | D:9      | 10739 ||| INVOKING Berserk.
 10850 | D:9      | 10850 ||| DRINKING potion of curing.
 10850 | D:9      | 10850 ||| (to cure confusion)
 10857 | D:9      | 10857 ||| INVOKING Berserk.
 10870 | D:9      | Reached skill level 11 in Axes
 10870 | D:9      | Reached **** piety under Trog
 10871 | D:9      | HP: 15/102 [orc priest/divine providence (13)]
 10935 | D:9      | 10935 ||| FLEEEEING.
 10935 | D:9      | Found a staircase to the Orcish Mines.
 10936 | D:9      | 10936 ||| FLEEEEING.
 10937 | D:9      | 10937 ||| FLEEEEING.
 10938 | D:9      | 10938 ||| FLEEEEING.
 10939 | D:9      | 10939 ||| FLEEEEING.
 10940 | D:9      | 10940 ||| FLEEEEING.
 10941 | D:9      | 10941 ||| FLEEEEING.
 10942 | D:9      | 10942 ||| FLEEEEING.
 10943 | D:9      | 10943 ||| FLEEEEING.
 10944 | D:9      | 10944 ||| FLEEEEING.
 10945 | D:9      | 10945 ||| FLEEEEING.
 10946 | D:9      | 10946 ||| FLEEEEING.
 10947 | D:9      | 10947 ||| FLEEEEING.
 10948 | D:9      | 10948 ||| STAIRDANCE
 11147 | D:8      | 11147 ||| READING 4 scrolls of identify.
 11147 | D:8      | 11147 ||| IDENTIFYING bubbling coppery potion
 11148 | D:8      | 11148 ||| DROPPING potion of magic.
 11151 | D:9      | 11151 ||| STAIRDANCE
 11194 | D:9      | 11194 ||| STAIRDANCE
 11205 | D:9      | 11205 ||| STAIRDANCE
 11229 | D:9      | 11229 ||| STAIRDANCE
 11327 | D:9      | 11327 ||| SWAPPING to +0 war axe.
 11328 | D:9      | 11328 ||| DROPPING +2 hand axe of venom.
 11388 | D:9      | 11388 ||| Stepping ~*~*~tactically~*~*~ (hiding).
 11415 | D:9      | Reached skill level 1 in Throwing
 11927 | D:10     | Entered Level 10 of the Dungeon
 12005 | D:10     | 12005 ||| INVOKING Berserk.
 12008 | D:10     | HP: 16/103 [efreet/bolt of fire (26)]
 12020 | D:10     | 12020 ||| READING 3 scrolls of teleportation.
 12021 | D:10     | 12021 ||| DRINKING 5 potions of heal wounds.
 12216 | D:10     | 12216 ||| Stepping ~*~*~tactically~*~*~ (stealth).
 12218 | D:10     | 12218 ||| Stepping ~*~*~tactically~*~*~ (hiding).
 12224 | D:10     | 12224 ||| INVOKING Berserk.
 12228 | D:10     | Reached skill level 9 in Fighting
 12399 | D:10     | Found a runed translucent gate.
 12399 | D:10     | Found a runed translucent gate.
 12399 | D:10     | Found a runed translucent gate.
 12400 | D:10     | Found a viscous altar of Jiyva.
 12400 | D:10     | Noticed Meoha's ghost (novice TrCA)
 12700 | D:10     | 12700 ||| READING scroll of enchant weapon.
 12700 | D:10     | 12700 ||| ENCHANTING +0 war axe.
 12716 | D:10     | 12716 ||| Stepping ~*~*~tactically~*~*~ (stealth).
 12892 | D:10     | Found a sparkling altar of Nemelex Xobeh.
 12894 | D:10     | 12894 ||| READING scroll of enchant weapon.
 12894 | D:10     | 12894 ||| ENCHANTING +1 war axe.
 12909 | D:10     | 12909 ||| READING scroll of enchant weapon.
 12909 | D:10     | 12909 ||| ENCHANTING +2 war axe.
 13043 | D:10     | 13043 ||| READING scroll labelled FAXTUI ATIOSK.
 13110 | D:11     | 13110 ||| Stepping ~*~*~tactically~*~*~ (hiding).
 13118 | D:11     | 13118 ||| INVOKING Berserk.
 13178 | D:11     | 13178 ||| Stepping ~*~*~tactically~*~*~ (stealth).
 13180 | D:11     | 13180 ||| Stepping ~*~*~tactically~*~*~ (stealth).
 13195 | D:11     | Reached ***** piety under Trog
 13279 | D:11     | 13279 ||| INVOKING Berserk.
 13451 | D:11     | 13451 ||| INVOKING Brothers in Arms.
 13453 | D:11     | 13453 ||| INVOKING Berserk.
 13597 | D:11     | 13597 ||| Stepping ~*~*~tactically~*~*~ (hiding).
 13663 | D:11     | 13663 ||| Stepping ~*~*~tactically~*~*~ (stealth).
 13798 | D:11     | 13798 ||| Stepping ~*~*~tactically~*~*~ (stealth).
 13814 | D:11     | 13814 ||| Stepping ~*~*~tactically~*~*~ (stealth).
 13835 | D:11     | Reached skill level 12 in Axes
 13889 | D:11     | Noticed a boulder beetle
 13893 | D:11     | 13893 ||| INVOKING Berserk.
 13906 | D:11     | HP: 12/71 [boulder beetle (11)]
 13907 | D:11     | 13907 ||| READING 2 scrolls of teleportation.
 13908 | D:11     | 13908 ||| DRINKING 5 potions of heal wounds.
 14112 | D:11     | 14112 ||| Stepping ~*~*~tactically~*~*~ (stealth).
 14133 | D:11     | 14133 ||| Stepping ~*~*~tactically~*~*~ (stealth).
 14164 | D:11     | Found a staircase to the Lair.
 14226 | D:11     | 14226 ||| PLANNING LAIR
 14226 | D:11     | 14226 ||| READING 4 scrolls labelled UBLEERPHYAGERU.
 14227 | D:11     | 14227 ||| DROPPING 3 scrolls of magic mapping.
 14233 | D:11     | 14233 ||| INVOKING Berserk.
 14248 | D:11     | Killed a boulder beetle
 14249 | D:11     | Reached XP level 12. HP: 59/76 MP: 9/12
 14336 | Lair:1   | Entered Level 1 of the Lair of Beasts
 14344 | Lair:1   | 14344 ||| Stepping ~*~*~tactically~*~*~ (stealth).
 14530 | Lair:1   | Reached skill level 9 in Armour
 14861 | Lair:1   | Noticed a boulder beetle
 14862 | Lair:1   | 14862 ||| Stepping ~*~*~tactically~*~*~ (stealth).
 14873 | Lair:1   | 14873 ||| Stepping ~*~*~tactically~*~*~ (stealth).
 14876 | Lair:1   | 14876 ||| INVOKING Berserk.
 14899 | Lair:1   | Killed a boulder beetle
 15339 | Lair:1   | Noticed a catoblepas
 15342 | Lair:1   | 15342 ||| INVOKING Berserk.
 15348 | Lair:1   | Killed a catoblepas
 15699 | Lair:1   | Reached skill level 13 in Axes
 15994 | Lair:2   | 15994 ||| Stepping ~*~*~tactically~*~*~ (stealth).
 16018 | Lair:2   | Found a staircase to the Snake Pit.
 16036 | Lair:2   | Reached skill level 3 in Throwing
 16176 | Lair:2   | 16176 ||| Stepping ~*~*~tactically~*~*~ (stealth).
 16278 | Lair:2   | 16278 ||| INVOKING Berserk.
 16298 | Lair:2   | 16298 ||| Stepping ~*~*~tactically~*~*~ (stealth).
 16439 | Lair:2   | Noticed qw's ghost (journeyman TrCA)
 16639 | Lair:2   | Reached XP level 13. HP: 75/82 MP: 11/13
 16828 | Lair:2   | 16828 ||| INVOKING Berserk.
 17207 | Lair:2   | Found a runed translucent door.
 17443 | Lair:3   | Found a staircase to the Shoals.
 17539 | Lair:3   | You fall into a shaft and drop 2 floors!
 17539 | Lair:5   | Entered Level 5 of the Lair of Beasts
 17617 | Lair:4   | Noticed Urug
 17673 | Lair:4   | 17673 ||| INVOKING Brothers in Arms.
 17677 | Lair:4   | 17677 ||| INVOKING Berserk.
 17679 | Lair:4   | Killed Urug
 17863 | Lair:4   | Reached skill level 14 in Axes
 18234 | Lair:3   | 18234 ||| INVOKING Berserk.
 18424 | Lair:3   | 18424 ||| INVOKING Brothers in Arms.
 18425 | Lair:3   | 18425 ||| SWAPPING to +0 morningstar.
 18426 | Lair:3   | 18426 ||| INVOKING Berserk.
 18434 | Lair:3   | 18434 ||| SWAPPING to +3 war axe.
 18905 | Lair:4   | 18905 ||| INVOKING Berserk.
 19135 | Lair:4   | 19135 ||| INVOKING Berserk.
 19589 | Lair:5   | 19589 ||| Stepping ~*~*~tactically~*~*~ (stealth).
 19590 | Lair:5   | 19590 ||| INVOKING Berserk.
 19616 | Lair:5   | HP: 16/84 [hell rat (7)]
 19616 | Lair:5   | Slain by a yak

Levels and vault maps discovered:
D:1:      dpeg_arrival_rhombus, layout_loops_ring
D:2:      layout_loops_corners, hellmonk_ecumenical_altar_heavens_door,
          minmay_misc_feat_four_crosses
D:3:      layout_rooms, serial_aquarium, aquarium_bridge_straight
          [aquarium_subvault_bridge, aquarium_subvault_wall,
          aquarium_subvault_bridge, aquarium_subvault_window],
          aquarium_window_2, aquarium_window_fake, aquarium_window_1,
          aquarium_window_1, aquarium_view_2g, aquarium_view_2a,
          aquarium_balcony_1a, aquarium_pool_2, minmay_snake_closets
D:4:      layout_cave_pools, yredelemnul_altar_generic,
          nicolae_overflow_hidden_temple, gammafunk_ghost_gnarly_gnolls,
          dreamdust_princess_bridge, uniq_duvessa, uniq_pikel, uniq_grinder,
          uniq_blork_the_orc
D:5:      layout_cave_pods, mainiacjoe_overflow_24_doors, gammafunk_ghost_hive,
          uniq_prince_ribbit1
D:6:      old_forge, layout_rooms
D:7:      layout_basic, old_standard_altar, minmay_temple_entry_offerings,
          uniq_maggie
D:8:      layout_loops_corners, minivault_24
D:9:      layout_roguey, erik_orc_4
D:10:     layout_cave_pods, mainiacjoe_overflow_tiny_flanked,
          gammafunk_ghost_ooze
D:11:     layout_basic, minmay_lair_entry_grove
Lair:1:   layout_regular_city, nicolae_volcano_entry_batcave, grunt_megastairs_4
Lair:2:   layout_cave_pods, minmay_snake_entry_six_corridors,
          hellmonk_ghost_happy_afterlife
Lair:3:   layout_regular_city, minmay_shoals_entry_centaurs
Lair:4:   layout_regular_city, uniq_urug
Lair:5:   evil_forest, layout_layer_cave, slime_entry_1, minivault_19,
          cheibrodos_lair_lostbears, infiniplex_staircase_pool_2,
          lemuel_fruit_fields

Skill      XL: |  1  2  3  4  5  6  7  8  9 10 11 12 13 |
---------------+----------------------------------------+-----
Axes           | 3 4 5 7 9 10 12 13 14 | 14.0
Shields        | 3 6 7 8 9 10 11 | 11.2
Armour         | 4 5 7 8 9 |  9.4
Fighting       | 5 7 8 9 10 11 | 11.0
Throwing       | 1 4 5 |  5.0
Dodging        | 2 |  2.1

Action                   |  1- 3 |  4- 6 |  7- 9 | 10-12 | 13-15 || total
-------------------------+-------+-------+-------+-------+-------++-------
Melee: Hand axe          |    89 |   217 |   373 |   281 |       ||   960
       Headbutt          |       |       |     7 |   166 |    14 ||   187
       War axe           |       |       |       |   545 |   107 ||   652
       Morningstar       |       |       |       |       |     3 ||     3
Throw: Boomerang         |       |       |       |    59 |       ||    59
       Javelin           |       |       |       |    18 |    26 ||    44
Invok: Berserk           |     2 |     4 |    12 |    17 |     7 ||    42
       Trog's Hand       |       |       |     1 |       |       ||     1
       Brothers in Arms  |       |       |       |     1 |     2 ||     3
  Use: Scroll            |     4 |     4 |     8 |    10 |       ||    26
       Potion            |       |     1 |     5 |     4 |       ||    10
Armor: Animal skin       |    12 |       |       |       |       ||    12
       Scale mail        |    18 |    43 |       |       |       ||    61
       Chain mail        |       |    72 |   131 |    49 |       ||   252
       Plate armour      |       |       |       |   371 |    94 ||   465
Dodge: Dodged            |    41 |    85 |   135 |   333 |    62 ||   656
Block: Kite shield       |       |    40 |   135 |   481 |    75 ||   731

Table legend:
 A = Non-vault XP
 B = Vault XP
 C = Vault XP percentage of total XP
 D = Non-vault monster count
 E = Vault monster count
 F = Vault count percentage of total count
                 A         B        C        D         E       F
            +---------+---------+-------+---------+---------+-------
      Total |   30888 |   12790 |  29.3 |     312 |      88 |  22.0
            +---------+---------+-------+---------+---------+-------
        D:1 |      37 |       0 |   0.0 |      21 |       0 |   0.0
        D:2 |     154 |       0 |   0.0 |      27 |       0 |   0.0
        D:3 |      82 |     659 |  88.9 |      18 |      12 |  40.0
        D:4 |     814 |     558 |  40.7 |      26 |       4 |  13.3
        D:5 |     306 |     259 |  45.8 |      13 |       1 |   7.1
        D:6 |    1199 |     372 |  23.7 |      22 |      11 |  33.3
        D:7 |     882 |     415 |  32.0 |      23 |       1 |   4.2
        D:8 |    3997 |       0 |   0.0 |      30 |       0 |   0.0
        D:9 |    1741 |     606 |  25.8 |      31 |      18 |  36.7
       D:10 |    2626 |       0 |   0.0 |      24 |       0 |   0.0
       D:11 |    2150 |    2267 |  51.3 |      14 |      12 |  46.2
     Lair:1 |    5718 |    3174 |  35.7 |      21 |       9 |  30.0
     Lair:2 |    3588 |    2375 |  39.8 |      17 |      12 |  41.4
     Lair:3 |    2460 |     457 |  15.7 |       9 |       4 |  30.8
     Lair:4 |    4202 |     787 |  15.8 |      11 |       1 |   8.3
     Lair:5 |     932 |     861 |  48.0 |       5 |       3 |  37.5
            +---------+---------+-------+---------+---------+-------
